 Dungeon Crawl Stone Soup version 0.25.1-2-g60ff931df9 (webtiles) character file.

Game seed: 16656341712263508778

21622 Johnny the Earth Mage (level 12, -1/121 HPs)
             Began as a Demigod Earth Elementalist on Oct 25, 2020.
             Hit by a silver javelin thrown by a minotaur (4 damage)
             ... in a Gauntlet.
             The game lasted 00:17:40 (14867 turns).

Johnny the Earth Mage (Demigod Earth Elementalist) Turns: 14867, Time: 00:17:40

Health: -1/121     AC: 26    Str: 17    XL:     12   Next: 25%
Magic:  39/40      EV:  2    Int: 27    God:
Gold:   896        SH:  0    Dex: 16    Spells: 19/32 levels left

rFire    + + .     SeeInvis .   e - +3 short sword "Dohuise" {speed, MP+9 Str+6}
rCold    + . .     Gourm    .   (no shield)
rNeg     + + +     Faith    .   (armour currently unavailable)
rPois    +         Spirit   .   (helmet currently unavailable)
rElec    +         Reflect  .   (cloak currently unavailable)
rCorr    +         Harm     .   (gloves currently unavailable)
MR       +....     NoTele   +   (boots currently unavailable)
Stlth    ++........             n - amulet of magic regeneration
HPRegen  0.30/turn              i - ring of protection from fire
MPRegen  0.52/turn              s - ring of poison resistance

@: tree-form, resistant, very slightly contaminated, hasted, very quick
A: high mp 1
a: no special abilities


You were in a Gauntlet.
You were not hungry.
You were a tree.
You visited 2 branches of the dungeon, and saw 14 of its levels.
You also visited: Gauntlet.

You collected 896 gold pieces.

Inventory:

Hand Weapons
 e - the +3 short sword "Dohuise" (weapon) {speed, MP+9 Str+6}
   (You found it in a Gauntlet)

   Attacks with this weapon are significantly faster.
   It affects your strength (+6).
   It affects your magic capacity (+9).
 j - a +2 demon trident of electrocution
 u - a +8 vorpal trident
Missiles
 b - 394 stones (quivered)
Armour
 G - a +2 troll leather armour (melded)
 H - the +3 leather armour "Qayss" {Int+2 Dex+3 SInv}
   (You found it on level 9 of the Dungeon)

   It affects your intelligence (+2).
   It affects your dexterity (+3).
   It lets you see invisible.
Magical Staves
 M - an uncursed staff of death
Jewellery
 i - a ring of protection from fire (left branch)
 n - an amulet of magic regeneration (around neck)
 s - a ring of poison resistance (right branch)
 w - a +4 ring of evasion {unknown}
Wands
 c - a wand of flame (10)
 g - a wand of digging (5)
 l - a wand of random effects (28)
 D - a wand of iceblast (19)
 I - a wand of disintegration (7)
 J - a wand of polymorph (7)
Scrolls
 a - a scroll of enchant weapon
 f - 5 scrolls of teleportation
 o - 2 scrolls of immolation
 p - 2 scrolls of fear
 r - 6 scrolls of remove curse
 t - 4 scrolls of fog
 x - a scroll of noise
 y - a scroll of vulnerability {unknown}
Potions
 h - 5 potions of haste
 k - 2 potions of stabbing
 q - a potion of resistance
 z - 4 potions of curing
 B - a potion of lignification
 C - a potion of berserk rage {unknown}
 E - 2 potions of mutation
 F - 4 potions of invisibility {unknown}
 L - 3 potions of might
Miscellaneous
 v - a lightning rod (4/4)
Comestibles
 d - 22 rations


   Skills:
 - Level 1.7 Dodging
 - Level 1.7 Stealth
 + Level 10.5 Spellcasting
 - Level 0.8 Transmutations
 * Level 15.3 Earth Magic


You had 19 spell levels left.
You knew the following spells:

 Your Spells              Type           Power        Failure   Level  Hunger
a - Sandblast             Erth           ######       0%          1    None
b - Stone Arrow           Conj/Erth      ######       1%          3    None
c - Lee's Rapid Deconstr  Erth           #######...   1%          5    ###....
d - Petrify               Tmut/Erth      ######..     1%          4    None

Your spell library contained the following spells:

 Spells                   Type           Power        Failure   Level  Hunger
 Passwall                 Tmut/Erth      ######..     1%          2    None
 Animate Skeleton         Necr           N/A          4%          1    None
 Corona                   Hex            ##.....      4%          1    None
 Magic Dart               Conj           ##..         4%          1    None
 Pain                     Necr           ##..         4%          1    None
 Borgnjor's Vile Clutch   Necr/Erth      ######....   4%          5    ###....
 Blink                    Tloc           N/A          6%          2    None
 Call Imp                 Summ           ##......     6%          2    None
 Ensorcelled Hibernation  Hex/Ice        ##....       6%          2    None
 Searing Ray              Conj           ##....       6%          2    None
 Slow                     Hex            ##......     6%          2    None
 Confusing Touch          Hex            ##......     12%         3    None
 Conjure Flame            Conj/Fire      ##......     12%         3    None
 Dazzling Flash           Conj/Hex       ##....       12%         3    None
 Gell's Gravitas          Tloc           ##........   12%         3    None
 Mephitic Cloud           Conj/Pois/Air  ##......     12%         3    None
 Tukima's Dance           Hex            ##......     12%         3    None
 Vampiric Draining        Necr           ##........   12%         3    None
 Bolt of Magma            Conj/Fire/Erth #####.....   14%         5    ###....
 Iron Shot                Conj/Erth      ######....   26%         6    #####..
 Animate Dead             Necr           N/A          38%         4    None
 Fulminant Prism          Conj/Hex       ##........   38%         4    None
 Iskenderun's Mystic Bla  Conj/Tloc      ##......     38%         4    None
 Yara's Violent Unravell  Hex/Tmut       ###.......   67%         5    ###....
 Agony                    Necr           ##......     75%         5    ###....
 Iskenderun's Battlesphe  Conj/Chrm      ##......     75%         5    ###....
 Metabolic Englaciation   Hex/Ice        ##........   75%         5    ###....
 Silence                  Hex/Air        ##........   75%         5    ###....
 Darkness                 Hex            ##........   99%         6    #####..
 Shadow Creatures         Summ           N/A          99%         6    #####..
 Orb of Destruction       Conj           ##........   100%        7    ######.
 Spellforged Servitor     Conj/Summ      ##........   100%        7    ######.


Dungeon Overview and Level Annotations

Branches:
Dungeon (12/15)            Temple (0/1) D:7            Lair (2/6) D:9
  Swamp (0/4) Lair:2        Snake (0/4) Lair:2          Orc (0/2) D:11
Gauntlet (1/1)

Shops:
D:7 }

Annotations:
Gauntlet 6 transporters


Innate Abilities, Weirdness & Mutations

You have an increased reservoir of magic. (+10% MP)
((Your skin changes colour to match your surroundings (Stealth+).))


Message History

The silver javelin pierces through you!!
* * * LOW HITPOINT WARNING * * *
The silver sears you!
* * * LOW HITPOINT WARNING * * *
Okay, then.
Something hits your rust devil! Something gores your rust devil!
It was a potion of lignification.
You turn into a tree.
Your +2 troll leather armour melds into your body.
Your roots penetrate the ground.
It was a potion of resistance.
You feel protected.
It was a potion of flight.
Your roots keep you in place.
Your rust devil hits the minotaur!
The minotaur seems to be corroded for longer.
The minotaur throws a silver javelin.
The silver javelin pierces through your rust devil.
The silver javelin pierces through you.
* * * LOW HITPOINT WARNING * * *
The silver sears you!
You die...

###..#..##.##..#...#...#.#...
#..#....©=:..#...#h.?h©!...
#..###########...##########
8#..........................
###≈............§∩≈..........
###########################
#8# #≈....(..........≈# # ###
#8.8.8..©.©..8.8.8# #
#≈..♣............≈#
#####4###.###.#####
###H###.###.###
#.........(...#
#.###.###.###.#
#(....(.(.....#
#######'####### #.# ∩..


You could see a minotaur (corroded) and a friendly rust devil (summoned).

Vanquished Creatures
  An ogre mage (D:11)
  A hydra (Lair:2)
  2 two-headed ogres
  The ghost of admiralandromeda the Destroyer, a novice TeCj of Vehumet (D:8)
  An ugly thing (D:9)
  A manticore (D:11)
  3 centaur zombies
  A black mamba (Lair:2)
  5 spiny frogs
  An apocalypse crab (Gauntlet)
  A gargoyle (D:9)
  A smoke demon (Gauntlet)
  4 komodo dragons
  A red devil (Gauntlet)
  4 trolls (D:9)
  Grinder (D:3)
  6 hornets
  5 blink frogs (Lair:2)
  A bog body (Lair:2)
  2 hippogriffs
  A shadow (D:9)
  2 wyverns
  Eustachio (D:5)
  5 yaks (D:10)
  3 hungry ghosts
  2 nagas (Lair:2)
  3 water moccasins
  6 orc warriors
  3 porcupines (Lair:1)
  3 ice beasts
  2 phantoms
  2 sky beasts
  A black bear (D:6)
  8 ogres
  5 wolves
  3 centaurs
  3 crocodiles
  2 big kobolds
  9 bullfrogs
  4 scorpions
  5 killer bees (D:10)
  17 wights
  5 howler monkeys
  6 bullfrog zombies
  An electric eel (D:10)
  8 crimson imps
  15 hounds
  2 centaur skeletons
  9 orc wizards
  3 orc priests
  4 bullfrog skeletons
  5 jellies
  Natasha (twice) (D:3)
  5 iguanas
  7 worker ants
  A hound skeleton (D:4)
  3 howler monkey skeletons
  9 adders
  2 shadow imps
  An ooze (D:5)
  3 adder skeletons
  3 worms
  A dart slug (D:4)
  4 leopard geckos
  24 orcs
  6 ball pythons
  3 giant cockroaches
  4 goblins
  3 hobgoblins
  6 jackals (D:4)
  8 kobolds
  6 quokkas
  2 bats
  2 frilled lizards
  4 rats
300 creatures vanquished.

Vanquished Creatures (others)
  A demonic plant (Gauntlet)
  11 fungi (D:6)
  3 plants (Lair:2)
15 creatures vanquished.

Grand Total: 315 creatures vanquished

Notes
Turn   | Place    | Note
-------+----------+-------------------------------------------
     0 | D:1      | Johnny the Demigod Earth Elementalist began the quest for
                  | the Orb.
     0 | D:1      | Reached XP level 1. HP: 14/14 MP: 5/5
   362 | D:1      | Reached skill level 3 in Earth Magic
   506 | D:1      | Reached XP level 2. HP: 16/20 MP: 7/7
   953 | D:2      | Found a shimmering altar of Xom.
   955 | D:2      | Found a burning altar of Makhleb.
  1130 | D:2      | Found a hide-covered altar of Uskayaw.
  1198 | D:2      | Found a hazy altar of Hepliaklqana.
  1618 | D:3      | Reached XP level 3. HP: 21/26 MP: 6/9
  1902 | D:3      | Noticed Natasha
  1910 | D:3      | Killed Natasha
  2044 | D:3      | Reached skill level 4 in Earth Magic
  2044 | D:3      | Reached XP level 4. HP: 7/33 MP: 0/10
  2370 | D:3      | Noticed Grinder
  2375 | D:3      | Paralysed by Grinder for 5 turns
  2384 | D:3      | Gained mutation: You are resistant to hostile enchantments.
                  | (MR+) [potion of mutation]
  2384 | D:3      | Lost mutation: You are resistant to hostile enchantments.
                  | (MR+) [potion of mutation]
  2384 | D:3      | Gained mutation: Your skin changes colour to match your
                  | surroundings (Stealth+). [potion of mutation]
  2387 | D:3      | Paralysed by Grinder for 2 turns
  2390 | D:3      | Killed Grinder
  2390 | D:3      | Reached skill level 5 in Earth Magic
  2390 | D:3      | Reached XP level 5. HP: 13/38 MP: 7/13
  2738 | D:3      | Noticed Natasha
  2743 | D:3      | Killed Natasha
  2743 | D:3      | Reached XP level 6. HP: 38/45 MP: 10/14
  3077 | D:4      | Reached skill level 6 in Earth Magic
  3389 | D:4      | Reached XP level 7. HP: 48/50 MP: 14/16
  3710 | D:4      | Reached skill level 7 in Earth Magic
  4032 | D:5      | Entered Level 5 of the Dungeon
  4252 | D:5      | Found a blossoming altar of Fedhas.
  4398 | D:5      | Learned a level 3 spell: Stone Arrow
  4404 | D:5      | Learned a level 5 spell: Lee's Rapid Deconstruction
  4409 | D:5      | Learned a level 4 spell: Petrify
  4545 | D:5      | Noticed Eustachio
  4558 | D:5      | Killed Eustachio
  4954 | D:6      | Reached skill level 5 in Spellcasting
  4954 | D:6      | Reached XP level 8. HP: 44/57 MP: 14/19
  4963 | D:6      | Reached skill level 8 in Earth Magic
  5938 | D:6      | Got a crude ring mail
  5949 | D:6      | Identified the +5 ring mail "Qusazaha" {*Corrode *Slow
                  | rElec Dex+3} (You found it on level 6 of the Dungeon)
  6421 | D:7      | Found a staircase to the Ecumenical Temple.
  6496 | D:7      | Reached skill level 9 in Earth Magic
  6853 | D:7      | Found Ziolyg's Gadget Boutique.
  7279 | D:7      | Reached XP level 9. HP: 54/62 MP: 20/22
  7956 | D:8      | Reached skill level 10 in Earth Magic
  8210 | D:8      | Noticed a two-headed ogre
  8292 | D:8      | Killed a two-headed ogre
  8819 | D:8      | Reached skill level 11 in Earth Magic
  9022 | D:8      | Found a runed translucent gate.
  9022 | D:8      | Found a runed translucent gate.
  9022 | D:8      | Found a runed translucent gate.
  9022 | D:8      | Noticed admiralandromeda's ghost (novice TeCj)
  9032 | D:8      | Found a shadowy altar of Dithmenos.
  9053 | D:8      | Killed admiralandromeda's ghost
  9299 | D:9      | Found a white marble altar of Elyvilon.
  9356 | D:9      | Found a staircase to the Lair.
  9381 | D:9      | Reached XP level 10. HP: 69/69 MP: 14/25
  9684 | D:9      | Got a scorched leather armour
  9695 | D:9      | Identified the +3 leather armour "Qayss" {Int+2 Dex+3 SInv}
                  | (You found it on level 9 of the Dungeon)
  9703 | D:9      | Noticed a red ugly thing
  9706 | D:9      | Killed a red ugly thing
  9706 | D:9      | Reached skill level 12 in Earth Magic
  9933 | D:9      | Noticed a two-headed ogre
  9940 | D:9      | Killed a two-headed ogre
 10635 | D:9      | Reached skill level 13 in Earth Magic
 10743 | Lair:1   | Entered Level 1 of the Lair of Beasts
 10800 | Lair:1   | Reached XP level 11. HP: 73/74 MP: 16/28
 11670 | Lair:2   | Found a staircase to the Swamp.
 11893 | Lair:2   | Found a staircase to the Snake Pit.
 11947 | Lair:2   | Noticed a four-headed hydra
 11952 | Lair:2   | Killed a four-headed hydra
 11952 | Lair:2   | Reached skill level 14 in Earth Magic
 12925 | D:10     | Entered Level 10 of the Dungeon
 13408 | D:10     | Reached skill level 10 in Spellcasting
 13719 | D:11     | Noticed an ogre mage
 13725 | D:11     | Killed an ogre mage
 13725 | D:11     | Reached XP level 12. HP: 81/81 MP: 12/30
 13930 | D:11     | Reached skill level 15 in Earth Magic
 14150 | D:11     | Found a staircase to the Orcish Mines.
 14356 | D:12     | Found a gate leading to a gauntlet.
 14365 | Gauntlet | Entered a Gauntlet
 14365 | Gauntlet | Found a transporter.
 14365 | Gauntlet | Found a transporter.
 14388 | Gauntlet | Found a transporter.
 14392 | Gauntlet | Found a transporter.
 14402 | Gauntlet | Found a transporter.
 14406 | Gauntlet | Found a transporter.
 14416 | Gauntlet | Found a transporter.
 14459 | Gauntlet | Found a transporter.
 14459 | Gauntlet | Found a transporter.
 14505 | Gauntlet | Found a transporter.
 14507 | Gauntlet | Found a transporter.
 14517 | Gauntlet | Found a transporter.
 14582 | Gauntlet | Got a smoking short sword
 14583 | Gauntlet | Identified the +3 short sword "Dohuise" {speed, MP+9 Str+6}
                  | (You found it in a Gauntlet)
 14806 | Gauntlet | Noticed a minotaur
 14867 | Gauntlet | HP: 3/121 [minotaur/silver javelin (6)]
 14867 | Gauntlet | Hit by a silver javelin thrown by a minotaur

Illustrated notes

Levels and vault maps discovered:
D:1:      doesnt_arrival_eight_statues, layout_loops_cross
D:2:      layout_basic, lemuel_doored_altar, grunt_temple_overflow_open
D:3:      layout_loops_ring, chequers_big_river, uniq_grinder, uniq_natasha
D:4:      layout_basic, first_ration, minmay_pentomino_pile
D:5:      layout_basic, fedhas_altar_4, uniq_eustachio
D:6:      lemuel_slime, layout_rooms
D:7:      minmay_general_purpose_star, layout_loops_ring,
          minmay_temple_entry_drinking_statues, serial_shops, shop
D:8:      layout_gridville, kennysheep_little_box, ebering_ghost_rock_garden
D:9:      minmay_the_grid_3x2 [minmay_the_grid_tiny_cups,
          minmay_the_grid_medium_cups, minmay_the_grid_x,
          minmay_the_grid_minigrid_small, minmay_the_grid_broken_lines,
          minmay_the_grid_prize_inner_circle], layout_basic,
          hangedman_pestilent_swarm, elyvilon_altar_1
D:10:     layout_rooms, nicolae_water_bricks
D:11:     layout_rooms, orc_0_dummy, minmay_microvault
D:12:     layout_cave_pools, gauntlet_entry_generic
Lair:1:   layout_chaotic_city, beast_lair_carwin_6, infiniplex_staircase_pool,
          grunt_megastairs_2
Lair:2:   beast_lair_carwin_large_3, layout_cave_pods,
          skrybe_swamp_entry_bodies, guppyfry_snake_entry_garden
Gauntlet: gammafunk_gauntlet_hard_choice [nicolae_gauntlet_arena_x,
          nicolae_gauntlet_arena_quarters, gammafunk_gauntlet_arena_mazey,
          nicolae_gauntlet_arena_blocks, nicolae_gauntlet_arena_t_cross,
          gammafunk_gauntlet_arena_split_diamond, gauntlet_exit_hidden_loot]

Skill      XL: |  1  2  3  4  5  6  7  8  9 10 11 12 |
---------------+-------------------------------------+-----
Earth Magic    | 3 4 5 6 7 9 11 13 14 15 | 15.3
Spellcasting   | 2 3 4 5 6 7 8 10 | 10.5
Dodging        | |  1.7
Stealth        | |  1.7
Transmutations | |  0.8

Action                   |  1- 3 |  4- 6 |  7- 9 | 10-12 || total
-------------------------+-------+-------+-------+-------++-------
Melee: Spear             |    57 |    22 |       |       ||    79
       Unarmed           |    10 |       |       |       ||    10
       Dagger            |       |    36 |       |       ||    36
       Trident           |       |       |   194 |    91 ||   285
Throw: Stone             |       |       |       |     2 ||     2
 Cast: Sandblast         |    22 |    44 |    37 |    81 ||   184
       Stone Arrow       |       |       |    57 |    95 ||   152
       Lee's Rapid Decon |       |       |     7 |    70 ||    77
Evoke: Wand              |     1 |     3 |     6 |     2 ||    12
  Use: Potion            |     2 |     4 |     1 |     8 ||    15
       Scroll            |       |     1 |     7 |    19 ||    27
 Stab: Sleeping          |    10 |     3 |     8 |     1 ||    22
       Distracted        |     1 |       |     1 |     1 ||     3
  Eat: Chunk             |     4 |     3 |    18 |    19 ||    44
       Ration            |       |       |     1 |     4 ||     5
Armor: Acid dragon scale |    21 |    19 |    88 |       ||   128
       Robe              |     1 |       |       |       ||     1
       Troll leather arm |       |       |       |    61 ||    61
Dodge: Dodged            |    32 |    37 |    99 |   149 ||   317
Block: Other             |    12 |    21 |       |       ||    33
